 Dungeon Crawl Stone Soup version 0.29.1-13-g9f3cf754e1 (webtiles) character file.

Game seed: 15647856155972788604

2559 Descartes the Blocker (level 9, -6/70 HPs)
             Began as a Formicid Fighter on Jan 21, 2023.
             Was an Initiate of Gozag.
             Mangled by Joseph
             ... wielding a +10 quarterstaff
              (15 damage)
             ... on level 8 of the Dungeon.
             The game lasted 00:11:19 (8099 turns).

Descartes the Blocker (Formicid Fighter)            Turns: 8099, Time: 00:11:19

Health: -6/70      AC: 12    Str: 26    XL:     9   Next: 86%
Magic:  9/9        EV:  9    Int:  9    God:    Gozag
Gold:   348        SH:  7    Dex: 19    Spells: 8/8 levels left

rFire   . . .      SeeInvis +   G - +3 dire flail
rCold   . . .      Faith    .   c - +0 buckler
rNeg    . . .      Spirit   .   I - +2 scale mail of Green Salvation {rElec Str+2}
rPois   .          Reflect  .   (helmet unavailable)
rElec   +          Harm     .   h - +0 cloak
rCorr   .          Rampage  .   t - +0 pair of gloves
Will    +....                   (no boots)
Stlth   ..........              (no amulet)
HPRegen 0.21/turn               l - +6 ring of dexterity
MPRegen 0.11/turn               b - ring of willpower

@: studying Staves
A: permanent stasis, dig shafts and tunnels, antennae 3, four strong arms
a: Dig, Shaft Self, Renounce Religion, Potion Petition, Call Merchant, Bribe
Branch


You were on level 8 of the Dungeon.
You worshipped Gozag.
Gozag was aware of your devotion.
You visited 2 branches of the dungeon, and saw 9 of its levels.

You collected 437 gold pieces.
You paid 89 gold pieces to Gozag.

Inventory:

Hand Weapons
 a - a +0 war axe
 D - a +1 trident of venom
 G - a +3 dire flail (weapon)
Missiles
 k - 5 silver javelins
 o - 12 poisoned darts
Armour
 c - a +0 buckler (worn)
 h - a +0 cloak (worn)
 t - a +0 pair of gloves (worn)
 I - the +2 scale mail of Green Salvation (worn) {rElec Str+2}
   (You found it on level 6 of the Dungeon)

   Str:       It affects your strength (+2).
   rElec:     It insulates you from electricity.
Jewellery
 b - a ring of willpower (right hand)
 l - a +6 ring of dexterity (left hand)
Wands
 g - a wand of mindburst (14)
 w - a wand of flame (27)
 H - a wand of quicksilver (8)
Scrolls
 f - 11 scrolls of identify {unknown}
 i - 2 scrolls of enchant weapon {unknown}
 j - a scroll of enchant armour {unknown}
 m - 4 scrolls of teleportation {unknown}
 p - a scroll of magic mapping {unknown}
 s - a scroll of poison {unknown}
 y - a scroll of fear {unknown}
 A - a scroll of immolation {unknown}
 B - a scroll of summoning {unknown}
 F - a scroll of butterflies {unknown}
Potions
 d - a potion of might
 e - 2 potions of curing
 n - 3 potions of attraction {unknown}
 q - 2 potions of brilliance {unknown}
 r - a potion of cancellation {unknown}
 u - a potion of invisibility {unknown}
 v - 2 potions of ambrosia {unknown}
 x - a potion of magic {unknown}
 z - a potion of berserk rage
 E - 2 potions of lignification {unknown}
Miscellaneous
 C - a piece from Xom's chessboard (15/15)


   Skills:
 + Level 6.3 Fighting
 * Level 7.3(7.5) Axes
 + Level 2.0(5.4) Maces & Flails
 + Level 2.6(3.0) Staves
 + Level 6.3 Armour
 * Level 10.1 Shields


You had 8 spell levels left.
You didn't know any spells.
Your spell library contained the following spells:

 Spells                   Type           Power      Damage    Failure   Level
 Magic Dart               Conj           0%         1d3       69%         1
 Ensorcelled Hibernation  Hex/Ice        0%         N/A       83%         2
 Passwall                 Tmut/Erth      0%         N/A       83%         2
 Searing Ray              Conj           0%         2d4       83%         2
 Sublimation of Blood     Necr           0%         N/A       83%         2
 Wereblood                Tmut           0%         N/A       83%         2
 Call Canine Familiar     Summ           0%         N/A       96%         3
 Portal Projectile        Hex/Tloc       0%         N/A       96%         3
 Animate Armour           Summ/Erth      0%         N/A       100%        4
 Fulminant Prism          Conj/Hex       0%         3d6       100%        4
 Leda's Liquefaction      Hex/Erth       0%         N/A       100%        4
 Blade Hands              Tmut           0%         N/A       100%        5
 Iron Shot                Conj/Erth      0%         9d1       100%        6
 Summon Hydra             Summ           0%         N/A       100%        7
 Swiftness                Air            Unusable   N/A       N/A         3

Dungeon Overview and Level Annotations

Branches:
Dungeon (8/15)             Temple (1/1) D:5
   Lair: D:8-11

Altars:
Ashenzari
Cheibriados
Dithmenos
Elyvilon
Gozag
Hepliaklqana
Kikubaaqudgha
Makhleb
Nemelex Xobeh
Okawaru
Qazlal
Ru
Sif Muna
Uskayaw
Vehumet
Wu Jian
Xom
Yredelemnul
Zin
The Shining One

Shops:
D:4 :   D:8 [

Annotations:
D:8 Joseph


Innate Abilities, Weirdness & Mutations

You cannot be hasted, slowed, berserked, paralysed or teleported.
You can dig through walls and to a lower floor.
You have a pair of large antennae on your head. (SInv)
Your four strong arms can wield two-handed weapons with a shield.


Message History

Joseph is nearby!
Joseph shoots a sling bullet.
You block the sling bullet.
Joseph shoots a sling bullet.
You block the sling bullet.
Joseph shoots a sling bullet.
The sling bullet hits you!
Joseph unwields a +6 sling.
Joseph wields a +10 quarterstaff.
Joseph hits you with a +10 quarterstaff!!
You impale Joseph!!
Joseph is moderately wounded.
Joseph hits you with a +10 quarterstaff.
You closely miss Joseph.
Joseph is moderately wounded.
Joseph hits you but does no damage.
You impale Joseph!!
Joseph is heavily wounded.
Joseph hits you with a +10 quarterstaff!
You hit Joseph but do no damage.
Joseph is heavily wounded.
Joseph hits you but does no damage.
You hit Joseph.
Joseph is severely wounded.
Joseph hits you with a +10 quarterstaff!!
* * * LOW HITPOINT WARNING * * *
You barely miss Joseph.
Joseph is severely wounded.
Joseph closely misses you.
You sock Joseph!
Joseph is severely wounded.
Joseph hits you with a +10 quarterstaff.
* * * LOW HITPOINT WARNING * * *
Unknown command.
You feel better. Joseph barely misses you.
You hit Joseph.
Joseph is almost dead.
Joseph hits you with a +10 quarterstaff!
* * * LOW HITPOINT WARNING * * *
You hit Joseph.
Joseph is almost dead.
Joseph hits you with a +10 quarterstaff!
You die...
Your body crumbles into a pile of gold.

#######.## #.#
########.# [........#
.........# ######
.........# #....#
.........## #.@..#
........... #@...#
.........## #....#
.........# ######
#....# .........#
##....##########....#
........#
....................+
........#
#...#.#######../....#
........# ......###
#.......# #+######.#
.##.#...# #.......#
#.# #.## .##.###.#
#.....### #.# #..


You could see Joseph.

Vanquished Creatures
  Pikel (D:5)
  Prince Ribbit (D:6)
  Sigmund (D:4)
  Eustachio (D:4)
  A wyvern (D:8)
  A steam dragon (D:8)
  A water moccasin (D:5)
  2 ice beasts
  2 black bears
  3 centaurs
  A sky beast (D:8)
  2 lemures (D:5)
  A scorpion (D:5)
  3 wights
  A hound (D:6)
  4 jellies
  3 iguanas
  4 adders
  A shadow imp (D:6)
  A white imp (D:7)
  2 dart slugs
  2 worms (D:2)
  5 ball pythons
  6 endoplasms
  3 giant cockroaches
  5 goblins
  6 hobgoblins
  4 jackals
  9 kobolds
  A quokka (D:1)
  5 bats
  A frilled lizard (D:3)
  7 rats
91 creatures vanquished.

Notes
Turn   | Place    | Note
-------+----------+-------------------------------------------
     0 | D:1      | Descartes the Formicid Fighter began the quest for the Orb.
     0 | D:1      | Reached XP level 1. HP: 18/18 MP: 1/1
   183 | D:1      | Reached XP level 2. HP: 24/24 MP: 2/2
  1217 | D:2      | Reached XP level 3. HP: 29/29 MP: 3/3
  1948 | D:3      | Reached XP level 4. HP: 36/36 MP: 4/4
  2127 | D:3      | Reached skill level 5 in Shields
  2177 | D:3      | Found a hide-covered altar of Uskayaw.
  2204 | D:3      | Found a glowing silver altar of Zin.
  2291 | D:3      | Found a sparkling altar of Nemelex Xobeh.
  2623 | D:4      | Noticed Sigmund
  2628 | D:4      | Killed Sigmund
  2629 | D:4      | Reached XP level 5. HP: 40/42 MP: 5/5
  2629 | D:4      | Reached XP level 6. HP: 46/48 MP: 6/6
  2821 | D:4      | Found Wemyxa's Book Boutique.
  2942 | D:4      | Reached skill level 6 in Shields
  3043 | D:4      | Noticed Eustachio
  3087 | D:4      | Killed Eustachio
  3088 | D:4      | Reached XP level 7. HP: 25/55 MP: 7/7
  3482 | D:5      | Entered Level 5 of the Dungeon
  3639 | D:5      | Found a glowing golden altar of the Shining One.
  3859 | D:5      | Noticed Pikel
  4050 | D:5      | HP: 1/49 [Pikel/+0 whip of freezing (4)]
  4064 | D:5      | Killed Pikel
  4065 | D:5      | Reached skill level 5 in Fighting
  4065 | D:5      | Reached skill level 5 in Axes
  4065 | D:5      | Reached skill level 5 in Armour
  4065 | D:5      | Reached skill level 7 in Shields
  4065 | D:5      | Reached XP level 8. HP: 41/62 MP: 8/8
  4243 | D:5      | Reached skill level 8 in Shields
  4243 | D:5      | Found a staircase to the Ecumenical Temple.
  4450 | Temple   | Entered the Ecumenical Temple
  5279 | D:5      | Found a hazy altar of Hepliaklqana.
  5524 | D:6      | Reached XP level 9. HP: 45/68 MP: 9/9
  5594 | D:5      | Reached skill level 9 in Shields
  6033 | D:6      | Identified the +2 scale mail of Green Salvation {rElec
                  | Str+2}
  6170 | D:6      | Found an opulent altar of Gozag.
  6198 | D:6      | Became a worshipper of Gozag Ym Sagoz the Greedy
  6511 | D:7      | Noticed Prince Ribbit
  6519 | D:7      | Reached skill level 1 in Maces & Flails
  6519 | D:7      | Reached skill level 1 in Staves
  6930 | D:6      | Killed Prince Ribbit
  7246 | D:7      | You fall into a shaft and drop 1 floor!
  7711 | D:8      | Reached skill level 10 in Shields
  7906 | D:8      | Found Vener's Armour Emporium.
  8084 | D:8      | Noticed Joseph
  8099 | D:8      | Mangled by Joseph

Illustrated notes

Levels and vault maps discovered:
D:1:      psy_arrival_radial01, layout_basic
D:2:      layout_loops_ring
D:3:      layout_rooms, zin_academy, nemelex_diamond_rough_becter,
          general_overflow_altar
D:4:      layout_loops_ring, serial_shops, shop, uniq_eustachio, uniq_sigmund
D:5:      layout_loops_corners, nzn_hepliaklqana_mist_gate,
          mainiacjoe_overflow_boulevard, temple_statues,
          hellmonk_bongcloud_opening, serial_bayou_pond_e, uniq_pikel
D:6:      layout_cave_pods, amcnicky_altar_gilded
D:7:      layout_gridville, st_stairs_2, uniq_prince_ribbit1, uniq_duvessa
D:8:      layout_basic, serial_shops, shop, uniq_joseph
Temple:   eino_narrow_crystal_temple

Skill      XL: |  1  2  3  4  5  6  7  8  9 |
---------------+----------------------------+-----
Shields        | 5 6 7 8 10 | 10.1
Fighting       | 4 5 6 |  6.3
Axes           | 3 4 5 6 7 |  7.3
Armour         | 4 5 6 |  6.3
Maces & Flails | 2 |  2.0
Staves         | 2 |  2.6

Action                   |  1- 3 |  4- 6 |  7- 9 || total
-------------------------+-------+-------+-------++-------
Melee: War axe           |    85 |    77 |   129 ||   291
       Dire flail        |       |       |    82 ||    82
 Abil: Dig               |       |     1 |     2 ||     3
       Shaft Self        |       |       |     1 ||     1
  Use: Potion            |       |     2 |     5 ||     7
Armor: Scale mail        |     2 |       |    45 ||    47
       Chain mail        |    41 |    38 |    43 ||   122
       Plate armour      |       |       |    32 ||    32
Dodge: Dodged            |    34 |    39 |    72 ||   145
Block: Buckler           |    20 |    13 |    87 ||   120
